 Dungeon Crawl Stone Soup version 0.25-a0-294-gea9b1ad378 (webtiles) character file.

Game seed: 16184855213217737232, levelgen mode: deterministic

42 Faustar the Skirmisher (level 3, -4/30 HPs)
             Began as a Barachi Fighter on Dec 19, 2019.
             Was an Initiate of Cheibriados.
             Slain by a sky beast (6 damage)
             ... on level 2 of the Dungeon.
             The game lasted 00:00:59 (780 turns).

Faustar the Skirmisher (Barachi Fighter)             Turns: 780, Time: 00:01:00

Health: -4/30      AC:  7    Str: 19    XL:     3   Next: 54%
Magic:  3/3        EV:  7    Int:  9    God:    Cheibriados [......]
Gold:   130        SH:  9    Dex: 12    Spells: 2/2 levels left

rFire    . . .     SeeInvis .   a - +0 long sword
rCold    . . .     Gourm    .   c - +0 shield
rNeg     . . .     Faith    .   b - +0 scale mail
rPois    .         Spirit   .   (no helmet)
rElec    .         Reflect  .   (no cloak)
rCorr    .         Harm     .   (no gloves)
MR       +....                  (no boots)
Stlth    ..........             (no amulet)
HPRegen  0.10/turn              n - ring of protection from magic (curse)
MPRegen  0.08/turn              (no ring)

@: very slow
A: +LOS, swims, slowness 1, strong legs 1
a: Hop, Bend Time, Renounce Religion


You were on level 2 of the Dungeon.
You worshipped Cheibriados.
Cheibriados was noncommittal.
You were not hungry.

You visited 1 branch of the dungeon, and saw 2 of its levels.

You collected 130 gold pieces.

Inventory:

Hand Weapons
 a - a +0 long sword (weapon)
Armour
 b - a +0 scale mail (worn)
 c - a +0 shield (worn)
Jewellery
 n - a cursed ring of protection from magic (left hand)
Scrolls
 g - 4 scrolls of remove curse {unknown}
 h - 4 scrolls of amnesia {unknown}
 i - a scroll of identify {unknown}
 o - a scroll of magic mapping {unknown}
Potions
 d - a potion of might
 e - a potion of brilliance {unknown}
 j - a potion of mutation {unknown}
 k - a potion of haste {unknown}
 l - 3 potions of heal wounds {unknown}
Comestibles
 f - 7 rations


   Skills:
 + Level 4.1 Fighting
 + Level 3.1 Long Blades
 + Level 4.1 Armour
 + Level 3.7 Shields


You had 2 spell levels left.
You didn't know any spells.
Your spell library was empty.

Dungeon Overview and Level Annotations

Branches:
Dungeon (2/15)

Altars:
Cheibriados


Innate Abilities, Weirdness & Mutations

You can be seen from farther away. (+LOS)
You can swim through water.
You cover ground slowly.
You can hop short distances.


Message History

The sky beast is heavily wounded.
The sky beast hits you. The sky beast shocks you.
You closely miss the sky beast.
The sky beast is heavily wounded.
You block the sky beast's attack.
You closely miss the sky beast.
The sky beast is heavily wounded.
The sky beast hits you but does no damage.
You hit the sky beast.
The sky beast is severely wounded.
The sky beast hits you. The sky beast shocks you. The sky beast hits you.
* * * LOW HITPOINT WARNING * * *
The sky beast shocks you.
* * * LOW HITPOINT WARNING * * *
You barely miss the sky beast.
The sky beast is severely wounded.
The sky beast hits you.
* * * LOW HITPOINT WARNING * * *
The sky beast shocks you.
You die...

##################
#.................
#.#############... #.#
#... #.# #... #@# #...
#Y# #... #†# #### #.# #
#.################
.......)...............##
...................≈≈≈.'.
##.#.###.###......≈≈≈≈≈##
# #.# #####..≈≈†≈≈_#


You could see a sky beast.

Vanquished Creatures
  3 dart slugs
  2 leopard geckos (D:1)
  5 bats
  2 giant cockroaches (D:2)
  4 goblins
  6 hobgoblins
  A quokka (D:2)
  A frilled lizard (D:1)
  3 kobolds (D:1)
  4 rats
31 creatures vanquished.

Notes
Turn   | Place    | Note
-------+----------+-------------------------------------------
     0 | D:1      | Faustar the Barachi Fighter began the quest for the Orb.
     0 | D:1      | Reached XP level 1. HP: 18/18 MP: 1/1
    94 | D:1      | Reached XP level 2. HP: 24/25 MP: 2/2
   494 | D:2      | Reached XP level 3. HP: 29/30 MP: 3/3
   696 | D:2      | Found a snail-covered altar of Cheibriados.
   708 | D:2      | Became a worshipper of Cheibriados the Contemplative
   763 | D:2      | Noticed a sky beast
   780 | D:2      | Slain by a sky beast

Levels and vault maps discovered:
D:1:      onia_arrival_pentagram, layout_basic, minmay_misc_feat_cross
D:2:      layout_basic, kennysheep_slug_shrine

Skill      XL: |  1  2  3 |
---------------+----------+-----
Fighting       | 4 |  4.1
Armour         | 4 |  4.1
Long Blades    | 3 |  3.1
Shields        | |  3.7

Action                   || total
-------------------------++-------
Melee: Long sword        ||   106
Armor: Scale mail        ||    58
Dodge: Dodged            ||    35
Block: Shield            ||    60
       Rpst.: Long sword ||     8

Table legend:
 A = Non-vault XP
 B = Vault XP
 C = Vault XP percentage of total XP
 D = Non-vault monster count
 E = Vault monster count
 F = Vault count percentage of total count
                 A         B        C        D         E       F
            +---------+---------+-------+---------+---------+-------
      Total |      56 |       4 |   6.7 |      30 |       1 |   3.2
            +---------+---------+-------+---------+---------+-------
        D:1 |      31 |       0 |   0.0 |      16 |       0 |   0.0
        D:2 |      25 |       4 |  13.8 |      14 |       1 |   6.7
            +---------+---------+-------+---------+---------+-------
